 Dungeon Crawl Stone Soup version 0.21.1-1-g345015f (webtiles) character file.

334 Fang the Chopper (level 6, -5/39 HPs)
             Began as a Gargoyle Berserker on May 6, 2018.
             Was a Priest of Trog.
             Slain by Grinder (7 damage)
             ... on level 4 of the Dungeon on May 7, 2018.
             The game lasted 00:04:59 (2246 turns).

Fang the Chopper (Gargoyle Berserker)               Turns: 2246, Time: 00:05:00

Health: -5/39      AC:  6    Str: 22    XL:     6   Next: 53%
Magic:  6/6        EV: 12    Int: 11    God:    Trog [***...]
Gold:   124        SH:  0    Dex:  9    Spells: 5/5 levels left

rFire    . . .     SeeInvis .   k - +2 quarterstaff (chaos)
rCold    . . .     Gourm    .   (shield currently unavailable)
rNeg     + . .     Faith    .   b - +0 animal skin
rPois    ∞         Spirit   .   (no helmet)
rElec    +         Reflect  .   (no cloak)
rCorr    .         Harm     .   (no gloves)
MR       .....                  (no boots)
Stlth    +.........             (no amulet)
HPRegen  0.13/turn              i - +3 ring of intelligence
MPRegen  0.10/turn              (no ring)

@: no status effects
A: negative energy resistance 1, electricity resistance, unbreathing,
petrification resistance, rot immunity, AC +4
a: Berserk, Trog's Hand, Burn Spellbooks, Renounce Religion


You were on level 4 of the Dungeon.
You worshipped Trog.
Trog was most pleased with you.
You were hungry.

You visited 1 branch of the dungeon, and saw 4 of its levels.

You collected 124 gold pieces.

Inventory:

Hand Weapons
 a - a +0 hand axe
 k - a +2 quarterstaff of chaos (weapon)
Missiles
 m - 5 silver javelins (quivered)
Armour
 b - a +0 animal skin (worn)
Jewellery
 i - a +3 ring of intelligence (left hand)
Scrolls
 d - 2 scrolls of amnesia {unknown}
 f - 2 scrolls of blinking {unknown}
 g - 3 scrolls of identify {unknown}
 j - a scroll of enchant armour {unknown}
 l - a scroll of fear {unknown}
Potions
 h - a potion of brilliance {unknown}
Comestibles
 c - 11 rations


   Skills:
 + Level 4.7 Fighting
 + Level 5.0 Axes
 + Level 0.4 Staves
 + Level 2.2 Armour
 + Level 2.6 Dodging
 + Level 1.0 Stealth


You had 5 spell levels left.
You didn't know any spells.

Dungeon Overview and Level Annotations

Branches:
Dungeon (4/15)
 Temple: D:4-7

Altars:

Annotations:
D:4 Grinder


Innate Abilities, Weirdness & Mutations

You are resistant to torment.
Your stone body is resilient. (AC +4)
You are immune to poison.
You resist negative energy. (rN+)
You are resistant to electric shocks. (rElec)
You can survive without breathing.
You are immune to petrification.
You are immune to rotting.


Message History

Grinder is severely wounded.
Grinder barely misses you.
You barely miss Grinder.
Grinder is severely wounded.
You recover from your berserk rage.
Grinder misses you.
You hit Grinder.
Grinder is almost dead.
Grinder hits you but does no damage. Grinder hits you.
* * * LOW HITPOINT WARNING * * *
You hit Grinder.
Grinder convulses.
Grinder is almost dead.
Grinder hits you.
* * * LOW HITPOINT WARNING * * *
You writhe in agony.
* * * LOW HITPOINT WARNING * * *
You closely miss Grinder.
Grinder is almost dead.
Grinder hits you!
You die...

#########
#.$.....#
#.......#
.######.......##
................
.####..5@.....#
#....#......
#...†#.#####
#....#.# #....#
####.# #. #.# ##
#. #.# .# #. #.#
#


You could see Grinder.

Vanquished Creatures
  The ghost of Spyfire242 the Skirmisher, an amateur OgMo (D:3)
  A hound (D:4)
  Crazy Yiuf (D:3)
  2 worker ants (D:4)
  3 adders
  4 dart slugs
  3 leopard geckos
  7 orcs
  3 bats
  4 giant cockroaches
  11 goblins
  9 hobgoblins
  10 jackals
  A quokka (D:3)
  3 frilled lizards
  11 kobolds
  7 rats
81 creatures vanquished.

Notes
Turn   | Place    | Note
-------+----------+-------------------------------------------
     0 | D:1      | Fang the Gargoyle Berserker began the quest for the Orb.
     0 | D:1      | Reached XP level 1. HP: 14/14 MP: 1/1
    34 | D:1      | Reached XP level 2. HP: 11/19 MP: 2/2
    36 | D:1      | Reached skill level 3 in Axes
   508 | D:1      | Reached XP level 3. HP: 16/24 MP: 3/3
   620 | D:1      | Reached ** piety under Trog
   938 | D:2      | Reached XP level 4. HP: 29/29 MP: 4/4
  1031 | D:2      | You fall through a shaft!
  1139 | D:3      | Noticed Spyfire242's ghost (amateur OgMo)
  1157 | D:3      | Killed Spyfire242's ghost
  1157 | D:3      | Reached skill level 4 in Axes
  1157 | D:3      | Reached XP level 5. HP: 23/34 MP: 5/5
  1419 | D:3      | Reached *** piety under Trog
  1568 | D:3      | Found a runed door.
  2028 | D:3      | Noticed Crazy Yiuf
  2035 | D:3      | Killed Crazy Yiuf
  2035 | D:3      | Reached XP level 6. HP: 39/39 MP: 1/6
  2191 | D:4      | Noticed Grinder
  2204 | D:4      | Reached skill level 5 in Axes
  2204 | D:4      | Reached skill level 1 in Stealth
  2246 | D:4      | Slain by Grinder

Skill      XL: |  1  2  3  4  5  6 |
---------------+-------------------+-----
Axes           | 3 4 5 |  5.0
Fighting       | 4 |  4.7
Dodging        | 2 |  2.6
Stealth        | 1 |  1.0
Staves         | |  0.4
Armour         | |  2.2

Action                   |  1- 3 |  4- 6 || total
-------------------------+-------+-------++-------
Melee: Hand axe          |    98 |   141 ||   239
       Quarterstaff      |       |    38 ||    38
Invok: Berserk           |     2 |     4 ||     6
  Use: Potion            |       |     1 ||     1
  Eat: Chunk             |     1 |     8 ||     9
Armor: Animal skin       |    42 |    48 ||    90
Dodge: Dodged            |    99 |   129 ||   228
